 Dungeon Crawl Stone Soup version 0.30-a0-782-ge64f9170bb (webtiles) character file.

Game seed: 590496812440997649

3495 vineage the Fighter (level 10, -7/70 HPs)
             Began as a Gargoyle Fighter on Mar 13, 2023.
             Was an Initiate of Okawaru.
             Killed from afar by a steam dragon (21 damage)
             ... with a ball of steam
             ... on level 8 of the Dungeon.
             The game lasted 00:07:42 (6173 turns).

vineage the Fighter (Gargoyle Fighter)              Turns: 6173, Time: 00:07:43

Health: -7/70      AC:  0    Str: 21    XL:     10   Next: 7%
Magic:  10/10      EV: 13    Int:  8    God:    Okawaru [......]
Gold:   85         SH:  5    Dex: 13    Spells: 9/9 levels left

rFire   . . .      SeeInvis .    (weapon currently unavailable)
rCold   . . .      Faith    .    (shield currently unavailable)
rNeg    + . .      Spirit   .    (body armour currently unavailable)
rPois   ∞          Reflect  +    (helmet currently unavailable)
rElec   .          Harm     .    (cloak currently unavailable)
rCorr   .          Rampage  .    (gloves currently unavailable)
Will    .....                    (boots currently unavailable)
Stlth   +                        b - amulet of reflection
HPRegen 0.31/turn                (ring currently unavailable)
MPRegen 0.12/turn                (ring currently unavailable)

@: about to teleport, pig-form (expiring), very quick
A: fast, no casting, sickness immunity, AC +7, small, negative energy resistance
1, (electricity resistance), torment resistance 1, petrification resistance
a: Renounce Religion


You were on level 8 of the Dungeon.
You worshipped Okawaru.
Okawaru was noncommittal.
You were a filthy swine.
You visited 2 branches of the dungeon, and saw 9 of its levels.
You also visited: Sewer.

You collected 393 gold pieces.
You spent 308 gold pieces at shops.

Inventory:

Hand Weapons
 a - a +0 flail
 c - a +2 flail of protection
 f - a +0 flail of venom
 y - a +4 morningstar of freezing (melded)
 z - a +6 flail
Armour
 r - the +2 pair of gloves "Yqearo" (melded) {Dex+2}
   (You bought it in a shop on level 4 of the Dungeon)

   Dex:       It affects your dexterity (+2).
 t - a +0 pair of boots (melded)
 v - a +0 tower shield (melded)
 A - a +3 plate armour (melded)
Jewellery
 b - an amulet of reflection (around neck)
 u - a +6 ring of dexterity (melded)
Wands
 o - a wand of flame (33)
 s - a wand of roots (8)
Scrolls
 e - 2 scrolls of fear
 w - 2 scrolls of teleportation
 x - a scroll of summoning
Potions
 d - 4 potions of might
 g - 3 potions of curing
 h - a potion of berserk rage
 i - 2 potions of degeneration {unknown}
 j - 6 potions of attraction
 k - 2 potions of heal wounds
 l - 5 potions of brilliance
 m - a potion of lignification {unknown}
 n - 2 potions of flight {unknown}
 p - 2 potions of resistance {unknown}
 q - a potion of haste {unknown}


   Skills:
 * Level 11.3 Fighting
 + Level 7.3 Maces & Flails
 + Level 6.2 Armour
 + Level 6.2 Shields
 + Level 1.2 Invocations


You had 9 spell levels left.
You didn't know any spells.
Your spell library contained the following spells:

 Spells                   Type           Power      Damage    Failure   Level
 Apportation              Tloc           0%         N/A       41%         1
 Necrotise                Necr           0%         1d4       41%         1
 Shock                    Conj/Air       0%         1d3       41%         1
 Blink                    Tloc           0%         N/A       54%         2
 Ignite Poison            Fire/Tmut/Pois 0%         N/A       78%         3
 Kindle Blastsparks       Fire/Tloc/Air  0%         2d10      78%         3
 Swiftness                Air            0%         N/A       78%         3
 Airstrike                Air            0%         2d(0-16)  99%         4
 Manifold Assault         Tloc           0%         N/A       99%         4
 Passage of Golubria      Tloc           0%         N/A       99%         4
 Freezing Cloud           Conj/Ice/Air   0%         6-21      100%        5
 Silence                  Hex/Air        0%         N/A       100%        5
 Yara's Violent Unravell  Hex/Tmut       0%         3d3       100%        5
 Storm Form               Tmut/Air       0%         N/A       100%        7
 Lehudib's Crystal Spear  Conj/Erth      0%         10d2      100%        8
 Summon Small Mammal      Summ           Unusable   N/A       N/A         1
 Tukima's Dance           Hex            Unusable   N/A       N/A         3

Dungeon Overview and Level Annotations

Branches:
Dungeon (8/15)             Temple (1/1) D:6           Sewer (visited)
   Lair: D:8-11

Altars:
Ashenzari
Dithmenos
Elyvilon
Fedhas
Hepliaklqana
Kikubaaqudgha
Okawaru
Ru
Uskayaw
Vehumet
Xom

Shops:
D:4 *!![[


Innate Abilities, Weirdness & Mutations

You are a filthy swine.
You move quickly.
Your equipment is almost entirely melded.
You are incapable of wielding weapons or throwing items.
You cannot cast spells.
You are immune to sickness and miasma.
((Your stone body is resilient. (AC +7)))
You are immune to poison.
You resist negative energy. (rN+)
((You are resistant to electric shocks. (rElec)))
You are resistant to unholy torment.
You are immune to petrification.


Message History

The steam dragon claws you.
* * * LOW HITPOINT WARNING * * *
As you read the scroll of fear, it crumbles to dust.
You assume a fearsome visage.
The steam dragon looks frightened!
You are engulfed in a cloud of scalding steam.
* * * LOW HITPOINT WARNING * * *
A bullfrog comes into view. x2
You feel much better.
You are engulfed in a cloud of scalding steam.
Okay, then.
The fungus is engulfed in a cloud of scalding steam.
The fungus begins to die.
Found 13 gold pieces.
Found a potion of curing.
You hit the steam dragon.
Your attack snaps the steam dragon out of its fear.
The steam dragon is moderately wounded.
The bullfrog releases a deep croak.
The bullfrog barely misses you. The steam dragon misses you.
The steam dragon claws you. The bullfrog barely misses you.
You block the bullfrog's attack.
You hit the steam dragon but do no damage.
The steam dragon is moderately wounded.
The bullfrog barely misses you. The steam dragon bites you.
* * * LOW HITPOINT WARNING * * *
You block the steam dragon's attack. The bullfrog closely misses you.
As you read the scroll of teleportation, it crumbles to dust.
You feel strangely unstable.
Your transformation is almost over.
You block the bullfrog's attack. The bullfrog hits you.
* * * LOW HITPOINT WARNING * * *
The steam dragon closely misses you. The steam dragon misses you.
The bullfrog attacks as you move away! The bullfrog misses you.
The bullfrog hits you.
* * * LOW HITPOINT WARNING * * *
The bullfrog hits you.
* * * LOW HITPOINT WARNING * * *
The steam dragon breathes steam at you. The ball of steam hits you!!
You die...

.................)..P....P
......................P.P#
....................PP...#
........................P#
.....................PPP.#
....................P.P...
. ..............[P.P
.....>..F......P.
.......hF....P..P
........D........
................
................
...........$....
................
...........!....
................


You could see a steam dragon (catching breath) and 2 bullfrogs.

Vanquished Creatures
  Grinder (D:3)
  Sigmund (D:2)
  A wyvern (D:5)
  A steam dragon (D:4)
  Edmund (D:5)
  A water moccasin (Sewer)
  3 black bears
  3 ogres
  3 phantoms
  3 kobold brigands
  A gnoll sergeant (D:6)
  2 bullfrogs
  3 scorpions
  12 wights
  A howler monkey (D:6)
  3 orc priests (D:4)
  A hound (D:5)
  2 jellies
  Jessica (D:1)
  6 iguanas
  2 orc wizards (D:4)
  3 gnolls (D:6)
  11 adders
  A white imp (D:6)
  2 ufetubi
  3 worms
  A dart slug (D:5)
  8 orcs
  5 bats
  3 endoplasms
  6 giant cockroaches
  7 goblins
  13 hobgoblins
  9 jackals
  24 kobolds
  4 quokkas
  5 ball pythons
  7 frilled lizards
  13 rats
177 creatures vanquished.

Vanquished Creatures (others)
  Psyche (D:8)
  A fungus (D:8)
2 creatures vanquished.

Grand Total: 179 creatures vanquished

Notes
Turn   | Place    | Note
-------+----------+-------------------------------------------
     0 | D:1      | vineage the Gargoyle Fighter began the quest for the Orb.
     0 | D:1      | Reached XP level 1. HP: 14/14 MP: 1/1
   115 | D:1      | Reached XP level 2. HP: 20/20 MP: 2/2
   488 | D:1      | Reached skill level 4 in Fighting
   666 | D:1      | Reached XP level 3. HP: 17/24 MP: 3/3
   713 | D:2      | Noticed Jessica
  1072 | D:1      | Killed Jessica
  1073 | D:1      | Reached XP level 4. HP: 22/30 MP: 4/4
  1174 | D:2      | Noticed Sigmund
  1182 | D:2      | Killed Sigmund
  1183 | D:2      | Reached skill level 6 in Fighting
  1183 | D:2      | Reached XP level 5. HP: 34/36 MP: 5/5
  1183 | D:2      | Reached XP level 6. HP: 39/41 MP: 6/6
  1653 | D:2      | Found a faded altar of an unknown god.
  1711 | D:3      | Noticed Grinder
  1731 | D:3      | Paralysed by Grinder for 4 turns
  1735 | D:3      | Killed Grinder
  1736 | D:3      | Reached skill level 7 in Fighting
  1736 | D:3      | Reached XP level 7. HP: 31/48 MP: 7/7
  2171 | D:3      | Found a glowing drain.
  2204 | Sewer    | Entered a sewer
  2447 | D:3      | Found a hazy altar of Hepliaklqana.
  2448 | D:3      | Found a shadowy altar of Dithmenos.
  2448 | D:3      | Noticed a shadow
  2649 | D:4      | Noticed a steam dragon
  2906 | D:4      | Reached skill level 5 in Maces & Flails
  2909 | D:4      | Killed a steam dragon
  2910 | D:4      | Reached skill level 8 in Fighting
  2930 | D:4      | Reached XP level 8. HP: 50/55 MP: 8/8
  3004 | D:4      | Found Ycruyrawa's Distillery.
  3022 | D:4      | Found Joepuz's Distillery.
  3060 | D:4      | Found Vuobic's Armour Shop.
  3082 | D:4      | Found Bygegop's Assorted Antiques.
  3166 | D:4      | Found Kiups's Armour Boutique.
  3324 | D:4      | Reached skill level 9 in Fighting
  3374 | D:4      | Found an ancient bone altar of Kikubaaqudgha.
  3642 | D:5      | Entered Level 5 of the Dungeon
  3665 | D:5      | Noticed Edmund
  3679 | D:5      | Killed Edmund
  3824 | D:5      | Noticed a wyvern
  3830 | D:5      | Killed a wyvern
  3998 | D:5      | Reached XP level 9. HP: 41/62 MP: 9/9
  4235 | D:5      | Reached skill level 10 in Fighting
  4389 | D:6      | Identified the +1 ring mail of Zin's Delight {rPois Will+
                  | Regen+}
  4414 | D:6      | Reached skill level 5 in Armour
  4414 | D:6      | Reached skill level 5 in Shields
  5007 | D:6      | Found a staircase to the Ecumenical Temple.
  5107 | D:7      | Reached skill level 11 in Fighting
  5146 | Temple   | Entered the Ecumenical Temple
  5163 | Temple   | Became a worshipper of Warmaster Okawaru
  5481 | D:6      | Found a hide-covered altar of Uskayaw.
  5706 | D:4      | Bought the +2 pair of gloves "Yqearo" {Dex+2} for 308 gold
                  | pieces
  5870 | D:7      | Reached XP level 10. HP: 70/70 MP: 10/10
  5934 | D:7      | Reached skill level 1 in Invocations
  6148 | D:8      | Noticed Psyche
  6164 | D:8      | Killed Psyche
  6173 | D:8      | Killed from afar by a steam dragon

Illustrated notes

Levels and vault maps discovered:
D:1:      dpeg_arrival_orchard, layout_basic
D:2:      layout_rooms, chequers_ecumenical_altar_grove, grunt_decor_junction,
          minmay_rat_gold_closets, uniq_sigmund, uniq_jessica
D:3:      layout_basic, riverfiend_overflow_shadow_ancestor,
          portal_sewer_entry_a, uniq_grinder
D:4:      layout_loops_ring, nicolae_overflow_hidden_temple, serial_shops,
          shop_fountains, shop, shop_statue,
          nicolae_shop_temple_entry_statues_fountains, nicolae_diamond_shop,
          minmay_quantized
D:5:      layout_rooms, kennysheep_windowed_goal, uniq_edmund
D:6:      layout_loops_ring, nicolae_uskayaw_dance_studio, temple_doors_ab
D:7:      layout_rooms
D:8:      layout_basic, grunt_lair_entry_orc_guard_hut, moated_statue,
          grunt_ogre_cave, uniq_psyche, uniq_maggie
Temple:   nicolae_temple_god_jail

Skill      XL: |  1  2  3  4  5  6  7  8  9 10 |
---------------+-------------------------------+-----
Fighting       | 4 6 7 8 9 11 | 11.3
Maces & Flails | 3 4 5 6 7 |  7.3
Armour         | 4 6 |  6.2
Shields        | 4 6 |  6.2
Invocations    | 1 |  1.2

Action                     |  1- 3 |  4- 6 |  7- 9 | 10-12 || total
---------------------------+-------+-------+-------+-------++-------
  Melee: Flail             |    87 |    77 |   410 |       ||   574
         Morningstar       |       |       |     6 |    20 ||    26
         Unarmed           |       |       |       |     6 ||     6
    Use: Scroll            |     2 |     2 |     9 |     4 ||    17
         Potion            |       |       |     2 |     1 ||     3
 Armour: Scale mail        |    50 |     3 |       |       ||    53
         Chain mail        |       |    33 |    96 |       ||   129
         Plate armour      |       |       |    83 |    23 ||   106
         Ring mail         |       |       |   114 |       ||   114
  Dodge: Dodged            |    65 |    31 |   128 |    13 ||   237
  Block: Buckler           |    20 |    35 |   101 |       ||   156
         Reflection        |       |     3 |     6 |     1 ||    10
         Tower shield      |       |       |   389 |    28 ||   417
         Other             |       |       |       |     3 ||     3

Table legend: (Time is in decaauts)
 A = Elapsed time spent in this place.
 B = Non-inter-level travel time spent in this place.
 C = Inter-level travel time spent in this place.
 D = Time resting spent in this place.
 E = Time spent auto-exploring this place.
 F = Levels seen in this place.
 G = Mean time per level.
                   A        B        C        D        E       F      G
               +--------+--------+--------+--------+--------+-----+--------+
         Total |   6389 |   5964 |    425 |    670 |   3782 |  10 |  638.9 |
       Dungeon |   6194 |   5786 |    408 |    670 |   3679 |   8 |  774.2 |
        Temple |     26 |      9 |     17 |      0 |      4 |   1 |   26.0 |
         Sewer |    167 |    167 |      0 |      0 |     98 |   1 |  167.0 |
               +--------+--------+--------+--------+--------+-----+--------+

Top non-repeatable levels by time:
     D:6: 1183 daAuts
     D:1: 1098 daAuts
     D:3: 1008 daAuts
     D:4: 867 daAuts
     D:5: 853 daAuts
     D:2: 644 daAuts
     D:7: 468 daAuts
   Sewer: 167 daAuts
     D:8: 70 daAuts
  Temple: 26 daAuts
